 Dungeon Crawl Stone Soup version 0.29.0-4-gdea44cf6ec (webtiles) character file.

Game seed: 1304297553908289297

819 qw the Cleaver (level 7, -1/41 HPs)
             Began as a Tengu Warper on Aug 29, 2022.
             Slain by Pikel
             ... wielding a +2 whip of flaming
              (5 damage)
             ... on level 5 of the Dungeon.
             The game lasted 00:01:00 (5655 turns).

qw the Cleaver (Tengu Warper)                       Turns: 5655, Time: 00:01:00

Health: -1/41      AC: 10    Str: 13    XL:     7   Next: 95%
Magic:  11/11      EV:  7    Int: 13    God:
Gold:   180        SH:  0    Dex: 20    Spells: 10/10 levels left

rFire   . . .      SeeInvis .   Y - +0 war axe (vorpal)
rCold   + . .      Faith    .   (no shield)
rNeg    . . .      Spirit   .   g - +0 chain mail
rPois   .          Reflect  .   n - +2 hat
rElec   .          Harm     .   (no cloak)
rCorr   .          Rampage  .   (no gloves)
Will    .....                   (boots unavailable)
Stlth   ..........              (no amulet)
HPRegen 0.13/turn               k - +6 ring of dexterity
MPRegen 0.12/turn               o - ring of protection from cold

@: flying quickly and evasively, quick
A: beak, talons 3, nimble flight
a: no special abilities


You were on level 5 of the Dungeon.
You visited 1 branch of the dungeon, and saw 5 of its levels.

You collected 180 gold pieces.


Innate Abilities, Weirdness & Mutations

You have a beak for a mouth.
You have claws for feet.
Your magical nature lets you fly swiftly and evasively.


   Skills:
 - Level 3.0 Fighting
 + Level 8.6 Axes
 - Level 2.2 Throwing
 - Level 2.5 Armour
 - Level 2.1 Dodging
 - Level 2.0 Spellcasting
 - Level 2.4 Translocations


You had 10 spell levels left.
You didn't know any spells.
Your spell library contained the following spells:

 Spells                   Type           Power      Damage    Failure   Level
 Blink                    Tloc           14%        N/A       99%         2
 Gell's Gravitas          Tloc           7%         N/A       100%        3
 Lesser Beckoning         Tloc           7%         N/A       100%        3
 Teleport Other           Tloc           7%         N/A       100%        3
 Manifold Assault         Tloc           7%         N/A       100%        5

Inventory:

Hand Weapons
 a - a +0 flail
 Y - a +0 vorpal war axe (weapon)
Missiles
 p - 6 boomerangs (quivered)
Armour
 g - a +0 chain mail (worn)
 n - a +2 hat (worn)
Jewellery
 b - a ring of fire
 k - a +6 ring of dexterity (left hand)
 m - a ring of protection from fire
 o - a ring of protection from cold (right hand)
 q - an amulet of guardian spirit
Scrolls
 c - a scroll of amnesia {unknown}
 d - 2 scrolls of identify
Potions
 e - a potion of flight {unknown}
 f - a potion of cancellation {unknown}
 h - a potion of lignification {unknown}
 i - a potion of attraction {unknown}
 j - a potion of berserk rage {unknown}
 l - 4 potions of mutation {unknown}
 r - a potion of ambrosia {unknown}

Dungeon Overview and Level Annotations

Branches:
Dungeon (5/15)
 Temple: D:4-7

Altars:
Elyvilon
Fedhas
Hepliaklqana
Makhleb
Uskayaw
The Shining One

Annotations:
D:5 Pikel


Message History

5647 ||| DRINKING 2 potions of heal wounds.
You feel much better.
Pikel hits you with a +2 whip of flaming.
Pikel burns you. The lemure barely misses you.
You hit Pikel. Your kick misses Pikel. Your peck misses Pikel.
Pikel is heavily wounded.
You hit the lemure.
Pikel hits you with a +2 whip of flaming.
Pikel burns you. The lemure hits you but does no damage.
You hit Pikel but do no damage. You claw Pikel, but do no damage.
You peck Pikel.
Pikel is heavily wounded.
You hit the lemure but do no damage. Pikel hits you but does no damage.
The lemure closely misses you.
You hit Pikel. Your kick misses Pikel. You peck Pikel, but do no damage.
Pikel is heavily wounded.
You hit the lemure.
Pikel hits you with a +2 whip of flaming.
Pikel burns you. The lemure hits you but does no damage.
5651 ||| DRINKING potion of heal wounds.
You feel much better.
Pikel zaps a wand.
You struggle to resist.
The lemure hits you.
You slash Pikel!
Pikel is severely wounded.
You hit the lemure.
Pikel zaps a wand.
You struggle to resist.
The lemure hits you.
You barely miss Pikel. Your kick misses Pikel.
You peck Pikel, but do no damage.
Pikel is severely wounded.
You slash the lemure!
Pikel hits you with a +2 whip of flaming.
Pikel burns you. The lemure hits you.
You closely miss the lemure. You claw the lemure. You peck the lemure.
You kill the lemure!
That felt strangely unrewarding.
You hit Pikel.
Pikel zaps a wand.
Your mind is blasted!
You closely miss Pikel. You claw Pikel.
Pikel is almost dead.
Pikel hits you with a +2 whip of flaming!
Pikel burns you.
You die...

#..............# #............#
#.#######.####.# #####.....##.#
#.# ##.####.# #)..<.##.. ..#
##.....#.# ###.###### ..#
#..###...# ##...#### .## ###.##
##..## #........ #####...# #...##
#.##.8888 ..##..### ###K.#
#.##.8888 #.##.## #+#
##@########.#...... .....# +.+
#................. #.##.## ##)##
##.########.#......
#.##..###.#.###...........##.....
#.###.....#.....#########.##.8888
#........###...## #....8888
######.#......## ###......
#....##### #?..... ###### #######


You could see Pikel.

Vanquished Creatures
  A black bear (D:5)
  3 ogres
  2 lemures (D:5)
  2 scorpions
  An orc priest (D:5)
  A jelly (D:5)
  A hound (D:5)
  Ijyb (D:5)
  An iguana (D:5)
  3 orc wizards
  8 adders
  2 dart slugs (D:2)
  10 orcs
  5 ball pythons
  4 endoplasms
  4 giant cockroaches
  3 goblins
  3 hobgoblins
  3 quokkas
  6 bats
  6 frilled lizards
  5 kobolds
  6 rats
81 creatures vanquished.

Notes
Turn   | Place    | Note
-------+----------+-------------------------------------------
     0 | D:1      | qw the Tengu Warper began the quest for the Orb.
     0 | D:1      | Reached XP level 1. HP: 12/12 MP: 4/4
     0 | D:1      | 0 ||| qw: Version: 0.1-a-89-g26bdef1
     0 | D:1      | 0 ||| qw: Game counter: 3572
     0 | D:1      | 0 ||| qw: Always use a shield: true
     0 | D:1      | 0 ||| qw: God list: Okawaru
     0 | D:1      | 0 ||| qw: Allow faded altars: false
     0 | D:1      | 0 ||| qw: Do Orc after D:15 true
     0 | D:1      | 0 ||| qw: Do second Lair branch before Depths: true
     0 | D:1      | 0 ||| qw: Lair rune preference: random
     0 | D:1      | 0 ||| qw: Plans: Normal
     0 | D:1      | 0 ||| PLANNING D:1-11
    83 | D:1      | Found a faded altar of an unknown god.
   174 | D:1      | Reached XP level 2. HP: 17/17 MP: 6/6
   180 | D:1      | 180 ||| DROPPING +0 club.
   190 | D:1      | Reached skill level 3 in Axes
   815 | D:1      | 815 ||| UPGRADING to +0 chain mail.
   825 | D:1      | 825 ||| DROPPING +0 leather armour.
   826 | D:1      | 826 ||| READING scroll labelled XISTUZX WYSAGA.
   827 | D:1      | 827 ||| DROPPING scroll of blinking.
  1016 | D:2      | 1016 ||| Stepping ~*~*~tactically~*~*~ (stealth).
  1028 | D:2      | 1028 ||| Stepping ~*~*~tactically~*~*~ (stealth).
  1217 | D:2      | Reached XP level 3. HP: 20/21 MP: 7/7
  1310 | D:2      | Reached skill level 4 in Axes
  1720 | D:2      | Found a glowing golden altar of the Shining One.
  2140 | D:2      | 2140 ||| UPGRADING to +6 ring of dexterity.
  2141 | D:2      | 2141 ||| READING scroll labelled INAEWO MOILARR.
  2142 | D:2      | 2142 ||| READING scroll labelled EGAIPR GUOSEUKA.
  2143 | D:2      | 2143 ||| READING scroll labelled BOSACU QAPTOAN.
  2211 | D:3      | Reached XP level 4. HP: 26/26 MP: 8/8
  2290 | D:3      | 2290 ||| Stepping ~*~*~tactically~*~*~ (stealth).
  2291 | D:3      | 2291 ||| Stepping ~*~*~tactically~*~*~ (stealth).
  2423 | D:3      | 2423 ||| SWAPPING to +0 war axe.
  2445 | D:3      | 2445 ||| DROPPING +0 hand axe.
  2689 | D:3      | Reached skill level 5 in Axes
  2920 | D:3      | 2920 ||| UPGRADING to +2 hat.
  2925 | D:3      | 2925 ||| UPGRADING to ring of protection from cold.
  2926 | D:3      | 2926 ||| READING 2 scrolls labelled XIC ADGHAUSSYL.
  2930 | D:3      | 2930 ||| READING scroll labelled CUJEETISHUY.
  2966 | D:4      | Found a hide-covered altar of Uskayaw.
  2972 | D:4      | Found a white marble altar of Elyvilon.
  3080 | D:4      | Gained mutation: Your magical nature lets you fly swiftly
                  | and evasively. [Tengu growth]
  3080 | D:4      | Reached XP level 5. HP: 30/30 MP: 9/9
  3155 | D:4      | 3155 ||| DROPPING +0 whip.
  3375 | D:4      | Noticed an ogre
  3381 | D:4      | Killed an ogre
  3382 | D:4      | Reached skill level 6 in Axes
  3389 | D:4      | Found a glowing golden altar of the Shining One.
  3389 | D:4      | Found a blossoming altar of Fedhas.
  3389 | D:4      | Found a burning altar of Makhleb.
  3473 | D:4      | Reached XP level 6. HP: 29/35 MP: 10/10
  3706 | D:4      | 3706 ||| READING scroll labelled FYGANATYHEO.
  3728 | D:5      | Entered Level 5 of the Dungeon
  3749 | D:5      | Reached skill level 7 in Axes
  3910 | D:5      | 3910 ||| Stepping ~*~*~tactically~*~*~ (stealth).
  3920 | D:5      | Reached skill level 3 in Fighting
  3920 | D:5      | Reached XP level 7. HP: 11/41 MP: 11/11
  4276 | D:5      | 4276 ||| Stepping ~*~*~tactically~*~*~ (stealth).
  4278 | D:5      | 4278 ||| Stepping ~*~*~tactically~*~*~ (hiding).
  4618 | D:5      | Noticed Pikel
  4619 | D:5      | 4619 ||| Stepping ~*~*~tactically~*~*~ (stealth).
  4625 | D:5      | HP: 9/41 [Pikel/+2 whip of flaming (6)]
  4626 | D:5      | 4626 ||| READING scroll of teleportation.
  4627 | D:5      | HP: 3/41 [disintegration (3)]
  5060 | D:5      | Reached skill level 8 in Axes
  5093 | D:5      | Noticed Ijyb
  5094 | D:5      | 5094 ||| Stepping ~*~*~tactically~*~*~ (hiding).
  5109 | D:5      | Killed Ijyb
  5239 | D:5      | 5239 ||| Stepping ~*~*~tactically~*~*~ (stealth).
  5315 | D:5      | Found a hazy altar of Hepliaklqana.
  5646 | D:5      | HP: 9/41 [disintegration (10)]
  5647 | D:5      | 5647 ||| DRINKING 2 potions of heal wounds.
  5651 | D:5      | 5651 ||| DRINKING potion of heal wounds.
  5655 | D:5      | HP: 4/41 [Pikel/+2 whip of flaming (10)]
  5655 | D:5      | Slain by Pikel

Levels and vault maps discovered:
D:1:      dpeg_arrival_snail, layout_basic, hellmonk_ecumenical_altar_blasted
D:2:      layout_basic, basic_altar
D:3:      layout_basic
D:4:      layout_loops_ring, gammafunk_temple_overflow_claw,
          chequers_temple_overflow_statue_of_worship
D:5:      layout_loops_ring, nicolae_hepliaklqana_hippocampus,
          nemelex_dance_club_becter, roderic_roman_lattice,
          chequers_serial_rivers_small_3, eino_curves_02, skrybe_limestone_x,
          hellmonk_bongcloud_opening, uniq_ijyb, uniq_pikel

Skill      XL: |  1  2  3  4  5  6  7 |
---------------+----------------------+-----
Axes           | 3 4 5 6 7 8 |  8.6
Armour         | 2 |  2.5
Fighting       | 3 |  3.0
Throwing       | 2 |  2.2
Dodging        | |  2.1
Spellcasting   | |  2.0
Translocations | |  2.4

Action                   |  1- 3 |  4- 6 |  7- 9 || total
-------------------------+-------+-------+-------++-------
Melee: Hand axe          |    68 |    14 |       ||    82
       Peck              |    10 |    12 |    10 ||    32
       Kick              |     9 |    15 |    24 ||    48
       War axe           |       |    58 |    67 ||   125
       Punch             |       |     1 |       ||     1
Throw: Boomerang         |     7 |     5 |     9 ||    21
       Javelin           |       |    13 |     1 ||    14
  Use: Scroll            |     4 |     3 |     1 ||     8
       Potion            |       |       |     2 ||     2
 Stab: Distracted        |       |       |     1 ||     1
Armor: Chain mail        |    22 |    35 |    29 ||    86
       Leather armour    |     1 |       |       ||     1
Dodge: Dodged            |    19 |    26 |    25 ||    70

Table legend:
 A = Non-vault XP
 B = Vault XP
 C = Vault XP percentage of total XP
 D = Non-vault monster count
 E = Vault monster count
 F = Vault count percentage of total count
                 A         B        C        D         E       F
            +---------+---------+-------+---------+---------+-------
      Total |    1135 |      36 |   3.1 |      78 |       1 |   1.3
            +---------+---------+-------+---------+---------+-------
        D:1 |      24 |       0 |   0.0 |      16 |       0 |   0.0
        D:2 |      57 |       0 |   0.0 |      18 |       0 |   0.0
        D:3 |      60 |       0 |   0.0 |      19 |       0 |   0.0
        D:4 |     262 |       0 |   0.0 |      10 |       0 |   0.0
        D:5 |     732 |      36 |   4.7 |      15 |       1 |   6.2
            +---------+---------+-------+---------+---------+-------
